[Event "Titled Tuesday Blitz January 10 Early 2023"]
[White "Durarbayli, Vasif"]
[Black "Sarana, Alexey"]
[WhiteFideId "13402935"]
[BlackFideId "24133795"]
[WhiteElo "2861"]
[BlackElo "3087"]
[Result "1-0"]
[Round "04"]
[TimeControl "180+1"]
[Date "2023.01.10"]
[WhiteClock "0:00:11"]
[BlackClock "0:00:02"]

1. e4 e5 2. Nf3 Nc6 3. d4 exd4 4. Nxd4 Nf6 5. Nxc6 bxc6 6. e5 Nd5 7. c4 Nb6 8. Bd3 d5 9. exd6 cxd6 10. Qf3 d5 11. cxd5 Bb4+ 12. Bd2 Bxd2+ 13. Nxd2 Qe7+ 14. Qe4 cxd5 15. Qxe7+ Kxe7 16. O-O-O Be6 17. Nb3 Rab8 18. Rhe1 Kf6 19. Re3 g6 20. Nd4 Rhc8+ 21. Bc2 Na4 22. Rf3+ Ke7 23. Rb3 Rxb3 24. axb3 Nb6 25. Kd2 Bd7 26. Ra1 Rc7 27. Ra5 Kd6 28. f4 Be8 29. Bd3 Re7 30. g4 Bd7 31. g5 Be8 32. h4 Rb7 33. h5 gxh5 34. Ra1 Bd7 35. Bxh7 Bg4 36. Bd3 Nd7 37. Ra6+ Kc7 38. Rc6+ Kd8 39. Rh6 Nc5 40. Kc3 Rc7 41. Nb5 d4+ 42. Kxd4 Nxb3+ 43. Ke3 Re7+ 44. Kf2 Rd7 45. Rh8+ Ke7 46. Ke3 a6 47. Nc3 Nc5 48. Bc4 Rb7 49. Kd4 Ne6+ 50. Ke5 Nc7 51. f5 Kd7 52. f6 Rb4 53. Bxf7 Rxb2 54. Bc4 Rf2 55. f7 Rf5+ 56. Kd4 Ke7 57. Ne4 Ne6+ 58. Bxe6 Kxe6 59. f8=Q Rxf8 60. Rxf8 h4 61. Rf6+ Ke7 62. Rh6 h3 63. Ke5 a5 64. Nf2 Be2 65. Nxh3 a4 66. Nf4 Bc4 67. Nd5+ Kf7 68. Rf6+ Kg7 69. Nc3 a3 70. Rc6 Bd3 71. Rc7+ Kg6 72. Ra7 Kxg5 73. Rxa3 Bc2 74. Kd4 Kf4 75. Nd5+ Kg5 76. Ne3 Bb1 77. Ra5+ Kf4 78. Re5 Bh7 79. Nd5+ Kf3 80. Nf6 Bg6 81. Rg5 Bb1 82. Ke5 Bc2 83. Nd5 Bb1 84. Rg1 Bc2 85. Nf4 Bh7 86. Rh1 Bc2 87. Rh3+ Kg4 88. Rc3 Bd1 89. Rc1 Ba4 90. Ke4 Kg5 91. Rg1+ Kf6 92. Rg6+ Kf7 93. Ke5 Bb3 94. Rb6 Ba2 95. Rb7+ Ke8 96. Kd6 Kd8 97. Rb8# 1-0


[Site "https://www.chess.com"]

[Event "Titled Tuesday Blitz January 10 Early 2023"]
[White "Demchenko, Anton"]
[Black "Vidit, Santosh Gujrathi"]
[WhiteFideId "4160258"]
[BlackFideId "5029465"]
[WhiteElo "2831"]
[BlackElo "2999"]
[Result "0-1"]
[Round "04"]
[TimeControl "180+1"]
[Date "2023.01.10"]
[WhiteClock "0:00:01"]
[BlackClock "0:00:10"]

1. e4 c5 2. Nf3 e6 3. c3 d5 4. exd5 Qxd5 5. d4 Nf6 6. Na3 Nc6 7. Be3 cxd4 8. Nb5 Qd7 9. Nbxd4 Nd5 10. Bd2 Bc5 11. Nxc6 Qxc6 12. Ne5 Qc7 13. Qa4+ Kf8 14. Nd3 Bd7 15. Qb3 Bd6 16. Be2 Bc6 17. O-O-O Nf4 18. Nxf4 Bxf4 19. Qb4+ Bd6 20. Qd4 Be5 21. Qc5+ Bd6 22. Qd4 f6 23. Be3 Be5 24. Qb4+ Kf7 25. f3 a5 26. Qc4 Rhd8 27. g3 b5 28. Qc5 Bd6 29. Qh5+ Kg8 30. Kb1 g6 31. Qg4 Qf7 32. Rhe1 a4 33. Bb6 Rd7 34. a3 Rb8 35. Ba5 Re8 36. Bb4 Bc7 0-1


[Site "https://www.chess.com"]

[Event "Titled Tuesday Blitz January 10 Early 2023"]
[White "Pakleza, Zbigniew"]
[Black "Chigaev, Maksim"]
[WhiteFideId "1119290"]
[BlackFideId "4108116"]
[WhiteElo "2825"]
[BlackElo "2985"]
[Result "0-1"]
[Round "04"]
[TimeControl "180+1"]
[Date "2023.01.10"]
[WhiteClock "0:00:15"]
[BlackClock "0:00:08"]

1. d4 Nf6 2. Nf3 g6 3. Bf4 Bg7 4. e3 O-O 5. Be2 c5 6. c3 Qb6 7. Qb3 d6 8. Nbd2 Be6 9. Bc4 Bxc4 10. Nxc4 Qc7 11. O-O Nbd7 12. a4 b6 13. h3 a6 14. Rfd1 Rab8 15. Ncd2 b5 16. axb5 axb5 17. Ra6 b4 18. c4 Ra8 19. Rda1 Qb7 20. Qa4 Rxa6 21. Qxa6 Qxa6 22. Rxa6 Rc8 23. b3 Kf8 24. d5 h6 25. e4 Ne8 26. Ne1 g5 27. Be3 Nc7 28. Ra7 Ke8 29. Nd3 Kd8 30. g3 Ra8 31. Rxa8+ Nxa8 32. f4 gxf4 33. gxf4 Bc3 34. Nf3 Nc7 35. Kg2 Nf6 36. Nf2 Nd7 37. Kg3 Nb6 38. Kg4 Ne8 39. e5 Nd7 40. Nd3 e6 41. dxe6 fxe6 42. exd6 Nxd6 43. Nxc5 Nxc5 44. Bxc5 Ne4 45. Be3 Nf6+ 46. Kh4 Ke7 47. Ne5 Be1+ 48. Bf2 Bxf2# 0-1


[Site "https://www.chess.com"]

[Event "Titled Tuesday Blitz January 10 Early 2023"]
[White "Puranik, Abhimanyu"]
[Black "Boros, Denes"]
[WhiteFideId "5061245"]
[BlackFideId "722340"]
[WhiteElo "2961"]
[BlackElo "2810"]
[Result "1-0"]
[Round "04"]
[TimeControl "180+1"]
[Date "2023.01.10"]
[WhiteClock "0:00:04"]
[BlackClock "0:00:07"]

1. Nf3 g6 2. g3 Bg7 3. Bg2 c5 4. O-O Nc6 5. c4 d6 6. Nc3 Nh6 7. b3 Nf5 8. Bb2 h5 9. h3 Nfd4 10. e3 Nxf3+ 11. Qxf3 Bf5 12. Na4 e5 13. Rfd1 Qd7 14. Kh2 Bg4 15. Qd5 Be6 16. Qd3 f5 17. h4 g5 18. hxg5 h4 19. f4 O-O-O 20. Rh1 Qf7 21. Nc3 Qh5 22. Kg1 Qg4 23. Qe2 Qxg3 24. Qf3 exf4 25. exf4 Qg4 26. Rh3 Rd7 27. Re1 Nd4 28. Qf1 Bf7 29. Kh2 Ne6 30. Nd5 Bxb2 31. Bf3 Nd4 32. Bxg4 fxg4 33. Rhe3 g3+ 34. Kh3 Kd8 35. f5 Rf8 36. Qf4 Bg8 37. Qxh4 Nxf5 38. Qf4 Rh7+ 39. Kg2 Nh4+ 40. Kxg3 Rxf4 41. Re8+ Kd7 42. Nxf4 Be5 43. Rxg8 Bxf4+ 44. Kg4 Bxg5 45. Rxg5 Ng2 46. Re2 Rh2 47. Kg3 Rh1 48. Rg7+ Kc6 49. Kxg2 Kb6 50. Ree7 Rc1 51. Rxb7+ Ka5 52. a3 Ka6 53. Rxa7+ Kb6 54. Rab7+ Kc6 1-0


[Site "https://www.chess.com"]

[Event "Titled Tuesday Blitz January 10 Early 2023"]
[White "Fernandez Guillen, Ernesto J."]
[Black "Ibarra Jerez, Jose Carlos"]
[WhiteFideId "3512428"]
[BlackFideId "2226332"]
[WhiteElo "2753"]
[BlackElo "2916"]
[Result "1-0"]
[Round "04"]
[TimeControl "180+1"]
[Date "2023.01.10"]
[WhiteClock "0:00:09"]
[BlackClock "0:00:02"]

1. e4 c5 2. Nf3 Nc6 3. d4 cxd4 4. Nxd4 e5 5. Nb3 Nf6 6. Nc3 Bb4 7. Bg5 h6 8. Bxf6 Bxc3+ 9. bxc3 Qxf6 10. Qd2 O-O 11. O-O-O d6 12. Bc4 Rd8 13. f3 Be6 14. Bd5 Rac8 15. Kb2 Rc7 16. Qe3 Rdc8 17. Rd3 Bxd5 18. Rxd5 Ne7 19. Rd3 d5 20. Rhd1 b6 21. g4 d4 22. cxd4 Rxc2+ 23. Kb1 exd4 24. Qxd4 Qh4 25. R3d2 Rxd2 26. Rxd2 Qe1+ 27. Kb2 Nc6 28. Qc3 Kh7 29. Rc2 Qf1 30. Qe3 Qb5 31. e5 Kh8 32. Qe4 Ne7 33. Rxc8+ Nxc8 34. f4 Ne7 35. a4 Qc6 36. Qxc6 Nxc6 37. Kc3 g5 38. Nd2 gxf4 39. Nf3 Kg7 40. Kc4 f6 41. exf6+ Kxf6 42. Kd5 Nb4+ 43. Ke4 Na6 44. Kxf4 Nc5 45. g5+ hxg5+ 46. Nxg5 Nxa4 47. Ne4+ Ke7 48. Ke5 Nb2 49. h4 Nd3+ 50. Kd4 Nf4 51. Kc4 a6 52. Kb4 Kd7 53. Nc3 Kc6 54. Na4 a5+ 55. Kb3 b5 56. Nc3 Kc5 57. Ne4+ Kd4 58. Nd6 Kc5 59. Ne4+ Kc6 60. Nf6 Ne6 61. h5 Nd4+ 62. Kc3 Nf5 63. Ng4 Kc5 64. h6 b4+ 65. Kb3 Ne7 66. Ne5 Kd4 67. h7 Kxe5 68. h8=Q+ Kd5 69. Qd8+ Ke6 70. Qxa5 Nd5 71. Qc5 Nf6 72. Qxb4 Ne4 73. Qxe4+ 1-0


[Site "https://www.chess.com"]

[Event "Titled Tuesday Blitz January 10 Early 2023"]
[White "Kosteniuk, Alexandra"]
[Black "Kamsky, Gata"]
[WhiteFideId "4128125"]
[BlackFideId "2000024"]
[WhiteElo "2726"]
[BlackElo "2912"]
[Result "1/2-1/2"]
[Round "04"]
[TimeControl "180+1"]
[Date "2023.01.10"]
[WhiteClock "0:00:27"]
[BlackClock "0:00:22"]

1. e4 e5 2. Nf3 Nc6 3. Bc4 Bc5 4. d3 Nf6 5. Nc3 d6 6. Na4 Bb6 7. a3 h6 8. h3 O-O 9. O-O Be6 10. Bxe6 fxe6 11. b4 Qe8 12. Nxb6 axb6 13. c3 Qg6 14. Ra2 Rf7 15. Re1 Raf8 16. Nh2 Nh5 17. Qg4 Qxg4 18. Nxg4 Nf4 19. Bxf4 Rxf4 20. a4 Ra8 21. Rea1 Rff8 22. f3 Kf7 23. Ne3 Ke7 24. b5 Nb8 25. a5 bxa5 26. Rxa5 Rxa5 27. Rxa5 Nd7 28. d4 exd4 29. cxd4 Nb6 30. Kf2 Ra8 31. Rxa8 Nxa8 32. Nc4 c6 33. bxc6 bxc6 34. Ke3 Kd7 35. f4 Nc7 36. Nb6+ Ke7 37. g4 Nb5 38. f5 exf5 39. gxf5 Kf6 40. h4 g6 41. Nd7+ Kf7 42. fxg6+ Kxg6 43. Nb8 c5 44. dxc5 dxc5 45. Nd7 c4 46. Ne5+ Kh5 47. Nxc4 Kxh4 48. Kf4 Nd4 49. e5 Kh5 50. Ke4 Ne6 51. Kf5 Nd4+ 52. Kf6 Kg4 53. Ne3+ Kf4 54. Nd5+ Ke4 55. Nc3+ Kf4 56. Nd5+ Ke4 57. Nc3+ Kf4 58. Nd5+ 1/2-1/2


[Site "https://www.chess.com"]

[Event "Titled Tuesday Blitz January 10 Early 2023"]
[White "Rakhmatullaev, Almas"]
[Black "Shimanov, Aleksandr"]
[WhiteFideId "14205793"]
[BlackFideId "4198603"]
[WhiteElo "2715"]
[BlackElo "2905"]
[Result "1-0"]
[Round "04"]
[TimeControl "180+1"]
[Date "2023.01.10"]
[WhiteClock "0:00:11"]
[BlackClock "0:00:06"]

1. e4 c6 2. Nf3 d5 3. Nc3 Nf6 4. Qe2 Bg4 5. h3 Bxf3 6. Qxf3 e6 7. a3 Bc5 8. d3 O-O 9. g3 Nbd7 10. Bg2 b5 11. O-O a5 12. exd5 exd5 13. Bf4 a4 14. Nd1 Re8 15. c3 Nb6 16. Ne3 Nfd7 17. h4 Bf8 18. Rae1 Ne5 19. Qd1 Ra7 20. Nf5 Ng6 21. Rxe8 Qxe8 22. Be3 Rb7 23. h5 Ne5 24. Re1 Nbd7 25. f4 g6 26. Nh4 Nf6 27. fxe5 Nxh5 28. Bf2 Be7 29. Nf5 Bf8 30. Nd6 Bxd6 31. exd6 Qd8 32. Bc5 Nxg3 33. Re7 Rd7 34. Qf3 Nf5 35. Rxd7 Qxd7 36. Bh3 f6 37. Bxf5 gxf5 38. Qe2 Kf7 39. Kf2 Qe6 40. Qxe6+ Kxe6 41. Kg3 Kd7 42. Kh4 Ke6 43. Kh5 h6 44. Kxh6 f4 45. Kh5 f3 46. Kg4 f2 47. Bxf2 Kxd6 48. Kf5 c5 49. Kxf6 d4 50. cxd4 c4 51. dxc4 bxc4 52. Be1 Kd5 53. Bc3 Kd6 54. Kf5 Kd5 55. Kf4 1-0


[Site "https://www.chess.com"]

[Event "Titled Tuesday Blitz January 10 Early 2023"]
[White "Seemann, Jakub"]
[Black "Kravtsiv, Martyn"]
[WhiteFideId "21874697"]
[BlackFideId "14113147"]
[WhiteElo "2573"]
[BlackElo "2869"]
[Result "1/2-1/2"]
[Round "04"]
[TimeControl "180+1"]
[Date "2023.01.10"]
[WhiteClock "0:00:02"]
[BlackClock "0:00:07"]

1. d4 d5 2. Nf3 Nf6 3. g3 c5 4. Bg2 cxd4 5. Nxd4 e5 6. Nb3 Nc6 7. O-O Be6 8. Bg5 Be7 9. Bxf6 Bxf6 10. Nc5 Qb6 11. Nxe6 fxe6 12. c4 Qxb2 13. cxd5 exd5 14. Qxd5 Qxa1 15. Qe6+ Kf8 16. Qb3 Nd4 17. Qb4+ Be7 18. Qxb7 Rd8 19. e3 Ne2+ 20. Kh1 Qxa2 21. Re1 Bf6 22. Bf3 Nxg3+ 23. hxg3 Qxf2 24. Rc1 Qxg3 25. Qe4 Qh4+ 26. Qxh4 Bxh4 27. Nc3 Bf6 28. Nd5 h5 29. Rc7 a5 30. Ra7 Kg8 31. Be4 a4 32. Bf5 Bg5 33. e4 h4 34. Rxa4 Rh6 35. Ra7 Kh8 36. Kg2 Rhd6 37. Kh3 Bf6 38. Kg4 Kg8 39. Rb7 Kf8 40. Ra7 Rxd5 41. exd5 Rxd5 42. Be6 Rd6 43. Kf5 h3 44. Rf7+ Ke8 45. Ra7 h2 46. Ra1 Rd2 47. Ra8+ Ke7 48. Ra7+ Kd8 49. Ra1 Kc7 50. Rh1 Kb6 51. Ke4 Rf2 52. Bg4 Kc5 53. Bf3 Kb4 54. Ke3 Kc3 55. Kxf2 e4 56. Bxe4 Be5 57. Bg2 Kd4 58. Rd1+ Kc5 59. Rc1+ Kd6 60. Rd1+ Ke6 61. Bh1 Kf6 62. Kf3 g5 63. Kg4 Bf4 64. Rd5 Ke6 65. Rb5 Kd6 66. Be4 Ke6 67. Bf3 Kd6 68. Rd5+ Ke6 69. Rd1 Ke5 70. Re1+ Kd4 71. Kf5 Kd3 72. Re6 Kd4 73. Re4+ Kd3 74. Kg4 Kc3 75. Re2 Kd3 76. Ra2 Kd4 77. Kf5 Ke3 78. Kg4 Kd4 79. Re2 Kd3 80. Re8 Kd4 81. Kf5 Kd3 82. Re6 Kd4 83. Re4+ Kd3 84. Re2 Kd4 85. Re4+ 1/2-1/2


[Site "https://www.chess.com"]

[Event "Titled Tuesday Blitz January 10 Early 2023"]
[White "Bartel, Mateusz"]
[Black "Sadhwani, Raunak"]
[WhiteFideId "1112635"]
[BlackFideId "35093487"]
[WhiteElo "2779"]
[BlackElo "3058"]
[Result "0-1"]
[Round "04"]
[TimeControl "180+1"]
[Date "2023.01.10"]
[WhiteClock "0:00:02"]
[BlackClock "0:00:20"]

1. Nf3 Nf6 2. b3 g6 3. Bb2 Bg7 4. e3 O-O 5. Be2 c5 6. O-O Nc6 7. d4 cxd4 8. exd4 d5 9. Nbd2 Bf5 10. a3 Rc8 11. Rc1 e6 12. Nh4 Ne4 13. Nxf5 gxf5 14. f3 Nxd2 15. Qxd2 Qb6 16. Rcd1 Kh8 17. Kh1 Rcd8 18. g4 fxg4 19. fxg4 e5 20. dxe5 d4 21. Bd3 Nxe5 22. Qg2 Nxd3 23. Rxd3 Rd7 24. Qe4 Kg8 25. Rdf3 Qg6 26. Qf5 Rc7 27. R1f2 Rfc8 28. Qxg6 hxg6 29. Rf4 Rd7 30. Kg2 b5 31. Re4 d3 32. cxd3 Bxb2 33. Rxb2 Rxd3 34. a4 Rb8 35. axb5 Rxb5 36. b4 a5 37. Kf2 Rd8 38. Ke3 Rdb8 39. Kd3 Rxb4 40. Rbxb4 Rxb4 41. Re8+ Kg7 42. Ra8 Rxg4 43. Rxa5 Rg2 44. h4 Rg4 45. h5 g5 46. Ke3 f6 0-1


[Site "https://www.chess.com"]

[Event "Titled Tuesday Blitz January 10 Early 2023"]
[White "Maksimovic, Bojan"]
[Black "Tomashevsky, Evgeny"]
[WhiteFideId "14408120"]
[BlackFideId "4147235"]
[WhiteElo "2752"]
[BlackElo "2943"]
[Result "1/2-1/2"]
[Round "04"]
[TimeControl "180+1"]
[Date "2023.01.10"]
[WhiteClock "0:00:04"]
[BlackClock "0:00:04"]

1. g3 d5 2. Bg2 e5 3. Nf3 Nc6 4. O-O Nf6 5. c4 dxc4 6. Qa4 Bd6 7. Qxc4 O-O 8. Nc3 Be6 9. Qa4 h6 10. d3 a6 11. Be3 Ng4 12. Bd2 b5 13. Qc2 Nd4 14. Nxd4 exd4 15. Ne4 Rc8 16. Nc5 Qe7 17. Rfc1 Bf5 18. Ba5 Rfe8 19. Bf3 Nxh2 20. Kxh2 Qh4+ 21. Kg1 Bxg3 22. fxg3 Qxg3+ 23. Kh1 Qh4+ 24. Kg1 Qg3+ 25. Kh1 Re5 26. Be1 Qh3+ 27. Kg1 Bg6 28. Bg2 Rg5 29. e4 dxe3 30. Ne4 Bxe4 31. dxe4 Re8 32. Rd1 Re6 33. Rd5 Rxg2+ 34. Qxg2 Rg6 35. Qxg6 fxg6 36. Bc3 Qg4+ 37. Kf1 Qxe4 38. Re5 Qh1+ 39. Ke2 Qxa1 40. Re7 Qxa2 41. Rxg7+ Kf8 42. Rxc7 Ke8 43. Rh7 b4 44. Bd4 Qc4+ 45. Kxe3 a5 46. Ke4 a4 47. Rxh6 Qe6+ 48. Be5 Kd7 49. Rh7+ Kc6 50. Rc7+ Kb5 51. Rc1 g5 52. Rd1 g4 53. Rd5+ Kc4 54. Rd4+ Kb3 55. Rd3+ Ka2 56. Rd6 Qxd6 57. Bxd6 Kb3 58. Be5 Kc2 59. Kf4 a3 60. bxa3 bxa3 61. Kxg4 a2 62. Kf4 a1=Q 63. Bxa1 1/2-1/2


[Site "https://www.chess.com"]

[Event "Titled Tuesday Blitz January 10 Early 2023"]
[White "Dvirnyy, Danyyil"]
[Black "Seo, Jung Min"]
[WhiteFideId "817570"]
[BlackFideId "1734687"]
[WhiteElo "2941"]
[BlackElo "2702"]
[Result "1/2-1/2"]
[Round "04"]
[TimeControl "180+1"]
[Date "2023.01.10"]
[WhiteClock "0:00:11"]
[BlackClock "0:00:31"]

1. e4 c5 2. Nf3 d6 3. Bb5+ Nd7 4. a4 Nf6 5. Nc3 g6 6. O-O Bg7 7. a5 O-O 8. h3 a6 9. Be2 b5 10. axb6 Nxb6 11. d3 a5 12. e5 Nfd7 13. exd6 exd6 14. Bf4 Ne5 15. Nxe5 Bxe5 16. Bxe5 dxe5 17. Bf3 Ra6 18. Re1 Re8 19. b3 Bd7 20. Qd2 a4 21. Ne4 Qe7 22. bxa4 Rxa4 23. Qc3 Rxa1 24. Rxa1 Rc8 25. Ra6 Nd5 26. Qd2 Be6 27. Ng5 Nf4 28. Nxe6 Nxe6 29. Bg4 f5 30. Bf3 Kg7 31. Bd5 Nf4 32. Bf3 Qg5 33. Ra7+ Kh6 34. Qe1 Re8 35. h4 Qxh4 36. g3 Qg5 37. Kh2 e4 38. dxe4 fxe4 39. Bxe4 Qh5+ 40. Kg1 Ne2+ 41. Kg2 Rxe4 42. Qd2+ Nf4+ 43. gxf4 Qg4+ 44. Kf1 Qh3+ 45. Kg1 Qg4+ 46. Kf1 Qxf4 47. Qd7 Qc1+ 48. Kg2 Qg5+ 49. Kf1 Qc1+ 50. Kg2 Qg5+ 51. Kf1 Qc1+ 1/2-1/2


[Site "https://www.chess.com"]

[Event "Titled Tuesday Blitz January 10 Early 2023"]
[White "Krysa, Leandro"]
[Black "Xu, Yi"]
[WhiteFideId "116807"]
[BlackFideId "8605564"]
[WhiteElo "2701"]
[BlackElo "2910"]
[Result "0-1"]
[Round "04"]
[TimeControl "180+1"]
[Date "2023.01.10"]
[WhiteClock "0:00:04"]
[BlackClock "0:00:05"]

1. e4 c5 2. Nf3 d6 3. d4 cxd4 4. Nxd4 Nf6 5. Nc3 a6 6. Rg1 h5 7. Bg5 Nbd7 8. Qe2 g6 9. f4 Qc7 10. O-O-O Bg7 11. Nd5 Nxd5 12. exd5 Nf6 13. Qc4 Qxc4 14. Bxc4 b5 15. Bb3 Bb7 16. Rge1 Rc8 17. f5 Bh6 18. h4 Bxg5+ 19. hxg5 Nxd5 20. f6 e6 21. Nxb5 axb5 22. Bxd5 Bc6 23. Bxe6 fxe6 24. Rxe6+ Kf8 25. Rexd6 Bxg2 26. Rd8+ Kf7 27. R8d7+ Ke6 28. Re7+ Kf5 29. Rd2 Bf3 30. Rf2 Kg4 31. Re3 Bd5 32. Re5 Bxa2 33. Re1 Kxg5 34. Rg1+ Kh6 35. f7 Rcf8 36. b3 Bxb3 37. cxb3 Rh7 38. Rf6 Rg7 39. Kb2 Rfxf7 40. Rgxg6+ Rxg6 41. Rxf7 h4 42. Rf4 Kg5 43. Rb4 Rb6 44. Rd4 h3 45. Ka3 Rh6 46. Rd1 h2 47. Rh1 Kf4 48. Kb4 Rh5 49. Rxh2 Rxh2 50. Kxb5 Ke5 51. Kc6 Rb2 0-1


[Site "https://www.chess.com"]

[Event "Titled Tuesday Blitz January 10 Early 2023"]
[White "Lewtak, Damian"]
[Black "Movahed, Sina"]
[WhiteFideId "1141724"]
[BlackFideId "42520835"]
[WhiteElo "2678"]
[BlackElo "2877"]
[Result "0-1"]
[Round "04"]
[TimeControl "180+1"]
[Date "2023.01.10"]
[WhiteClock "0:00:05"]
[BlackClock "0:00:36"]

1. e4 c5 2. Nf3 d6 3. Bb5+ Nd7 4. O-O Nf6 5. Re1 g6 6. c3 Bg7 7. d4 cxd4 8. cxd4 O-O 9. Nc3 a6 10. Bd3 b5 11. e5 dxe5 12. dxe5 Ng4 13. Bf4 Nc5 14. Bc2 Ne6 15. Bd2 Qb6 16. Qe2 Bb7 17. Be4 Rfd8 18. Bxb7 Qxb7 19. Rad1 b4 20. Na4 Qb5 21. b3 Nh6 22. Kf1 Nf5 23. g4 Nfd4 24. Nxd4 Rxd4 25. Qxb5 axb5 26. Nb6 Rad8 27. Ke2 Bxe5 28. h3 Rxd2+ 29. Rxd2 Nf4+ 30. Kf3 Rxd2 31. Rxe5 Nxh3 32. Rxb5 Rxa2 33. Nd5 e6 34. Rb8+ Kg7 35. Ne7 h6 36. Rxb4 Nxf2 37. Rb8 Nd3 38. b4 Rb2 39. b5 Ne5+ 40. Kf4 Nd7 41. Rb7 Rb4+ 42. Kg3 Nc5 43. Rb8 Ne4+ 44. Kg2 Rb2+ 45. Kg1 Ng5 46. b6 Nf3+ 47. Kf1 Kf6 48. Nc8 Kg5 49. Ra8 Kf4 50. b7 Rxb7 51. Ra3 Rb2 52. Nd6 f5 53. Nc4 Rh2 54. Ne3 Kg3 55. Ng2 Rxg2 56. Ra2 Rxa2 57. gxf5 Rf2# 0-1


[Site "https://www.chess.com"]

[Event "Titled Tuesday Blitz January 10 Early 2023"]
[White "Koellner, Ruben Gideon"]
[Black "Baskakov, Egor"]
[WhiteFideId "12993093"]
[BlackFideId "24197866"]
[WhiteElo "2649"]
[BlackElo "2867"]
[Result "1/2-1/2"]
[Round "04"]
[TimeControl "180+1"]
[Date "2023.01.10"]
[WhiteClock "0:00:05"]
[BlackClock "0:00:18"]

1. d4 Nf6 2. Nf3 e6 3. Nbd2 d5 4. e3 Ne4 5. Nxe4 dxe4 6. Nd2 f5 7. f3 exf3 8. Qxf3 Bd6 9. Bc4 O-O 10. O-O Kh8 11. c3 c5 12. Nb3 Qe7 13. Kh1 Nc6 14. Bd2 e5 15. Qh5 cxd4 16. exd4 e4 17. Bf4 Bd7 18. Rae1 b6 19. Re3 Bxf4 20. Rxf4 g5 21. Rf1 f4 22. Ree1 e3 23. Bd5 Rae8 24. Nc1 Qd6 25. Bf3 Qg6 26. Qxg6 hxg6 27. h3 Kg7 28. Kg1 Ne7 29. Nd3 Bb5 30. Be2 Bxd3 31. Bxd3 Nd5 32. Be2 Re7 33. Bf3 Rd8 34. Re2 Nf6 35. Rd1 Ne4 36. Bxe4 Rxe4 37. Ree1 Kf6 38. Kf1 Ke6 39. Ke2 Kf5 40. Kf3 Re7 41. Re2 Rh7 42. Ree1 Rdh8 43. d5 Rd8 44. c4 Rc7 45. b3 b5 46. Rd4 bxc4 47. bxc4 Rc5 48. Rb1 Ra5 49. Rb2 Rd6 50. Rc2 Rc5 51. Rb2 Ra5 52. Rc2 Rc5 53. Rb2 Ra5 1/2-1/2


[Site "https://www.chess.com"]

[Event "Titled Tuesday Blitz January 10 Early 2023"]
[White "Ter-Sahakyan, Samvel"]
[Black "Djokovic, Nebojsa"]
[WhiteFideId "13302531"]
[BlackFideId "938300"]
[WhiteElo "2856"]
[BlackElo "2631"]
[Result "1-0"]
[Round "04"]
[TimeControl "180+1"]
[Date "2023.01.10"]
[WhiteClock "0:00:08"]
[BlackClock "0:00:05"]

1. d4 e6 2. c4 Nf6 3. Nf3 Bb4+ 4. Bd2 Qe7 5. g3 Nc6 6. Nc3 Bxc3 7. Bxc3 Ne4 8. Rc1 O-O 9. d5 Nxc3 10. Rxc3 Nb4 11. a3 Na6 12. b4 d6 13. Bg2 e5 14. O-O Bf5 15. Qb3 Rac8 16. Rfc1 Rfd8 17. c5 dxc5 18. bxc5 b6 19. Nh4 Bg6 20. d6 cxd6 21. cxd6 Rxc3 22. dxe7 Rxc1+ 23. Bf1 Rdc8 24. Qb5 Nc7 25. Qd7 Ne8 26. Nxg6 hxg6 27. h4 R1c7 28. Qg4 Rb8 29. Qb4 a5 30. Qe4 Rxe7 31. Bh3 Nf6 32. Qc6 Ree8 33. Qb5 Red8 34. g4 Rd1+ 35. Kg2 Rd4 36. e3 Rd5 37. Qc6 Rc5 38. Qd6 Re8 39. Qxb6 Rd5 40. g5 Nh5 41. Qc6 Red8 42. Bg4 Rd2 43. Qc5 R2d5 44. Qc4 R5d6 45. Qb5 Rd5 46. Qb3 Rd2 47. Bf3 Rc8 48. Be4 Rd6 49. Qb5 Rcd8 50. Qb7 f5 51. Bf3 e4 52. Qb3+ Kh7 53. Bxh5 gxh5 54. Qf7 Rd5 55. Qxh5+ Kg8 56. g6 Kf8 57. Qh8+ Ke7 58. Qxg7+ Ke6 59. Qf7+ Kd6 60. Qf6+ Kc7 61. h5 R5d6 62. Qc3+ Rc6 63. Qxa5+ Kd7 64. Qxf5+ Re6 65. h6 Ke7 66. Qf7+ Kd6 67. h7 Rd7 68. Qxd7+ Kxd7 69. h8=Q Rxg6+ 70. Kf1 Re6 71. Qd4+ Ke7 72. a4 Kf7 73. a5 Ra6 74. Qc4+ 1-0


[Site "https://www.chess.com"]

[Event "Titled Tuesday Blitz January 10 Early 2023"]
[White "Kosakowski, Jakub"]
[Black "Przybylski, Wojciech"]
[WhiteFideId "1185080"]
[BlackFideId "1117599"]
[WhiteElo "2831"]
[BlackElo "2554"]
[Result "1-0"]
[Round "04"]
[TimeControl "180+1"]
[Date "2023.01.10"]
[WhiteClock "0:00:10"]
[BlackClock "0:00:01"]

1. d4 d5 2. Nf3 Nf6 3. c3 c6 4. Bf4 Bg4 5. Nbd2 Nbd7 6. h3 Bxf3 7. Nxf3 e6 8. e3 Be7 9. Bd3 O-O 10. O-O a5 11. Qc2 a4 12. Rfe1 g6 13. e4 dxe4 14. Bxe4 Nxe4 15. Rxe4 Re8 16. Rae1 Bf6 17. Qe2 Ra5 18. Bg3 Bg7 19. Ne5 Nf6 20. Rf4 Nd5 21. Rf3 f5 22. Nd3 a3 23. c4 Nf6 24. b4 Ra8 25. Be5 Ne4 26. Bxg7 Kxg7 27. Qe3 b5 28. Nc5 Ng5 29. Rg3 Ne4 30. Nxe4 fxe4 31. cxb5 cxb5 32. Qxe4 Qd5 33. Qxd5 exd5 34. Rxe8 Rxe8 35. Rxa3 Re1+ 36. Kh2 Rb1 37. Ra7+ Kf6 38. a3 Rb3 39. Rb7 Rxa3 40. Rxb5 Ke6 41. Rb6+ Kf5 42. f3 Rd3 43. b5 Rxd4 44. Rb8 Rb4 45. b6 Kg5 46. b7 d4 47. Kg3 d3 48. Kf2 Rb2+ 49. Ke3 d2 50. Ke2 Kh6 51. f4 g5 52. f5 Kg7 53. f6+ Kh6 54. f7 d1=Q+ 55. Kxd1 1-0


[Site "https://www.chess.com"]

[Event "Titled Tuesday Blitz January 10 Early 2023"]
[White "Gurevich, Dmitry"]
[Black "Deac, Bogdan-Daniel"]
[WhiteFideId "2000407"]
[BlackFideId "1226380"]
[WhiteElo "2537"]
[BlackElo "3061"]
[Result "0-1"]
[Round "04"]
[TimeControl "180+1"]
[Date "2023.01.10"]
[WhiteClock "0:00:03"]
[BlackClock "0:00:05"]

1. d4 Nf6 2. c4 e6 3. Nc3 Bb4 4. a3 Bxc3+ 5. bxc3 Nc6 6. e3 b6 7. Bd3 d6 8. e4 e5 9. Ne2 Na5 10. f3 Ba6 11. Ng3 Nd7 12. Qe2 exd4 13. cxd4 Nb3 14. Rb1 Nxd4 15. Qf2 Ne6 16. f4 Ndc5 17. Be2 Qh4 18. O-O O-O-O 19. a4 Bb7 20. a5 Rhe8 21. axb6 axb6 22. Be3 Nf8 23. Bxc5 dxc5 24. e5 Ne6 25. Bf3 Nd4 26. Bxb7+ Kxb7 27. Ne4 Qxf2+ 28. Rxf2 h6 29. Nxc5+ Kc6 30. Na6 Ne6 31. Nb4+ Kb7 32. Nd5 Nc5 33. g3 Ra8 34. Kg2 Ra4 35. Ne3 Rd8 36. Rc2 Rd3 37. Nd5 Raa3 38. Rcb2 Rd4 39. Nxb6 cxb6 40. Rxb6+ Kc7 41. R6b5 Rxc4 42. Rb6 Rc2+ 43. Kh3 Raa2 44. Kg4 Rxh2 45. R6b5 Rac2 46. Ra5 Kc6 47. Ra7 f6 48. Rxg7 fxe5 49. fxe5 Kd5 50. Re1 h5+ 51. Kg5 Ne6+ 52. Kf6 Nxg7 53. Kxg7 Ke6 0-1


[Site "https://www.chess.com"]

[Event "Titled Tuesday Blitz January 10 Early 2023"]
[White "Sokolovsky, Yahli"]
[Black "Bluebaum, Matthias"]
[WhiteFideId "2820242"]
[BlackFideId "24651516"]
[WhiteElo "2627"]
[BlackElo "3034"]
[Result "1-0"]
[Round "04"]
[TimeControl "180+1"]
[Date "2023.01.10"]
[WhiteClock "0:00:11"]
[BlackClock "0:00:06"]

1. b3 d5 2. e3 c5 3. Bb2 a6 4. Nf3 Nc6 5. d4 Nf6 6. Bd3 Bg4 7. a3 cxd4 8. exd4 e6 9. Nbd2 Bd6 10. O-O O-O 11. Qe1 Qb6 12. Qe3 Bh5 13. Rfe1 Bg6 14. Bxg6 hxg6 15. Ng5 Qc7 16. Qh3 Rfe8 17. Ndf3 Ne7 18. Ne5 Bxe5 19. dxe5 Nh5 20. g4 Qxc2 21. Bd4 Nc6 22. Rac1 Qd2 23. Be3 Qd3 24. Rcd1 Qxb3 25. gxh5 gxh5 26. Qxh5 Qc2 27. Qxf7+ Kh8 28. Nxe6 Qh7 29. Ng5 Qh4 30. Qf4 Qh5 31. Rxd5 Rf8 32. Qg3 Ne7 33. Rd7 Nf5 34. Qh3 Nh4 35. Kh1 Rad8 36. Rxd8 Rxd8 37. Nf7+ Qxf7 38. Qxh4+ Kg8 39. Qxd8+ Kh7 40. Qh4+ Kg8 41. Qg3 Qd5+ 42. Qg2 Qe6 43. Bf4 Qf5 44. Bg3 Qe6 45. Qe4 b5 46. Kg2 a5 47. Rd1 b4 48. Rd8+ Kf7 49. Qf4+ Kg6 50. Rd6 Kh5 51. Rxe6 bxa3 52. Qf5+ g5 53. Qh7+ Kg4 54. Qh3# 1-0


[Site "https://www.chess.com"]